 Dungeon Sprint DCSS version 0.23.2-1-ga50397a (webtiles) character file.

Game seed: 2311278015148766009

439 Kahibar the Cleaver (level 7, -2/103 HPs)
             Began as a Hill Orc Fighter on May 11, 2019.
             Succumbed to Sonja's poison
             ... in the Dungeon (Sprint I: "Red Sonja").
             The game lasted 00:16:23 (524 turns).

Kahibar the Cleaver (Hill Orc Fighter)               Turns: 524, Time: 00:16:24

Health: -2/103     AC: 23    Str: 20    XL:     7   Next: 1%
Magic:  7/7        EV:  2    Int:  8    God:
Gold:   348        SH: 11    Dex: 11    Spells: 6/6 levels left

rFire    . . .     SeeInvis .   a - +0 war axe
rCold    . . .     Gourm    .   c - +0 shield
rNeg     + + +     Faith    .   (armour currently unavailable)
rPois    +         Spirit   .   (helmet currently unavailable)
rElec    .         Reflect  .   (cloak currently unavailable)
rCorr    .         Harm     .   (gloves currently unavailable)
MR       .....     NoTele   +   (boots currently unavailable)
Stlth    +.........             (no amulet)
HPRegen  0.27/turn              (no ring)
MPRegen  0.10/turn              (no ring)

@: lethally poisoned (-2 -> -46), tree-form, berserk cooldown, slowed, very slow
A: no striking features
a: no special abilities


You were in the Dungeon.
You were not hungry.
You were a tree.
You visited 1 branch You collected 348 gold pieces.

Inventory:

Hand Weapons
 a - a +0 war axe (weapon)
 l - a +1 scythe of venom
Armour
 b - a +0 scale mail (melded)
 c - a +0 shield (worn)
Scrolls
 k - a scroll of blinking
Potions
 d - a potion of might
 i - 2 potions of magic
Comestibles
 f - a ration


   Skills:
 + Level 8.4 Fighting
 + Level 9.4 Axes
 + Level 9.1 Armour
 + Level 2.0 Dodging
 + Level 0.5 Stealth
 + Level 8.6 Shields


You had 6 spell levels left.
You didn't know any spells.
Your spell library was empty.

Dungeon Overview and Level Annotations

Branches:
Dungeon (1/1)

Altars:
Cheibriados
Dithmenos
Elyvilon
Fedhas
Gozag
Hepliaklqana
Kikubaaqudgha
Nemelex Xobeh
Okawaru
Qazlal
Ru
Sif Muna
Trog
Uskayaw
Vehumet
Wu Jian
Yredelemnul
Zin
The Shining One

Shops:
D %

Annotations:
D Sonja


Message History

You feel very sick.
Unknown command.
You are a level 7 Hill Orc Fighter.
You are 1% of the way to level 8.
Play time: 00:15:56 (523 turns)
You cannot move.
You are a level 7 Hill Orc Fighter.
You are 1% of the way to level 8.
Play time: 00:16:10 (523 turns)
You are a level 7 Hill Orc Fighter.
You are 1% of the way to level 8.
Play time: 00:16:12 (523 turns)
You are a level 7 Hill Orc Fighter.
You are 1% of the way to level 8.
Play time: 00:16:13 (523 turns) Unknown command.
Unknown command.
Unknown command.
You are no longer berserk.
You are exhausted.
You feel as though you will be slow longer.
* * * LOW HITPOINT WARNING * * *
You feel very sick.
You die...

#..####..#...#.#
#..#__####..##.#
#..#_____##'#_.+
#⌠⌠#_.∩...'.(._#
####_..__##_.#+#
#_____###(#
#########.##
+K.$+ #♣.$#
##.## #+#


You could see Sonja.

Vanquished Creatures
  Sigmund (D)
  A yak (D)
  An ogre (D)
  A jelly (D)
  Ijyb (D)
5 creatures vanquished.

Notes
Turn   | Place    | Note
-------+----------+-------------------------------------------
     0 | D        | Kahibar the Hill Orc Fighter began the quest for the Orb.
     0 | D        | Reached XP level 1. HP: 19/19 MP: 1/1
     2 | D        | Noticed Ijyb
    16 | D        | Killed Ijyb
    16 | D        | Reached skill level 5 in Fighting
    16 | D        | Reached XP level 2. HP: 17/29 MP: 2/2
    16 | D        | Reached XP level 3. HP: 21/36 MP: 3/3
   144 | D        | Noticed an ogre
   154 | D        | Killed an ogre
   154 | D        | Reached skill level 1 in Dodging
   154 | D        | Reached XP level 4. HP: 39/45 MP: 4/4
   294 | D        | Noticed Sigmund
   311 | D        | Killed Sigmund
   311 | D        | Reached XP level 5. HP: 39/53 MP: 5/5
   311 | D        | Reached XP level 6. HP: 45/61 MP: 6/6
   344 | D        | Found an ornate altar of the Wu Jian Council.
   344 | D        | Found a deep blue altar of Sif Muna.
   346 | D        | Found a radiant altar of Vehumet.
   458 | D        | Found Tiecris's Food Emporium.
   458 | D        | Found an ancient bone altar of Kikubaaqudgha.
   458 | D        | Found a hazy altar of Hepliaklqana.
   458 | D        | Found a stormy altar of Qazlal.
   458 | D        | Found a hide-covered altar of Uskayaw.
   458 | D        | Found a blossoming altar of Fedhas.
   458 | D        | Found a bloodstained altar of Trog.
   458 | D        | Found an iron altar of Okawaru.
   458 | D        | Found a basalt altar of Yredelemnul.
   458 | D        | Found a glowing golden altar of the Shining One.
   458 | D        | Found a snail-covered altar of Cheibriados.
   458 | D        | Found a sacrificial altar of Ru.
   458 | D        | Found a glowing silver altar of Zin.
   458 | D        | Found a shadowy altar of Dithmenos.
   458 | D        | Found a white marble altar of Elyvilon.
   458 | D        | Noticed a yak
   465 | D        | Killed a yak
   465 | D        | Reached XP level 7. HP: 56/69 MP: 7/7
   466 | D        | Found an opulent altar of Gozag.
   467 | D        | Found a sparkling altar of Nemelex Xobeh.
   502 | D        | Noticed Sonja
   523 | D        | HP: 3/103 [poisoned by Sonja]
   524 | D        | Succumbed to Sonja's poison

Skill      XL: |  1  2  3  4  5  6 |
---------------+-------------------+-----
Fighting       | 5 6 7 8 |  8.4
Axes           | 3 4 7 9 |  9.4
Armour         | 4 6 8 9 |  9.1
Shields        | 4 6 7 8 |  8.6
Dodging        | 1 2 |  2.0
Stealth        | |  0.5

Action                   |  1- 3 |  4- 6 |  7- 9 || total
-------------------------+-------+-------+-------++-------
Melee: War axe           |    22 |    27 |     3 ||    52
  Use: Potion            |       |     1 |     4 ||     5
Armor: Scale mail        |     4 |     2 |     9 ||    15
       Skin              |       |       |    10 ||    10
Dodge: Dodged            |     5 |     5 |     8 ||    18
Block: Shield            |     8 |    11 |    12 ||    31
